AoeStats
← NDF

Arabia

507589375Analyzed
1v1 RM · 13d ago on Sep 18, 2026· 43m 0s· 2 players
Game mode
Random Map
Map size
Tiny (2 player)
Population
200
Speed
Normal
Resources
Standard
Victory
Conquest
Starting age
Dark Age
Ending age
Imperial Age
RankedLock teamsTeams togetherTeam positionsShared explorationLock speedFull tech treeHidden civsTurbo modeCheats
Victory
Defeat
🇻🇪 Bulgarians · Venezuela
624
+15
🇦🇷 Teutons · Argentina
592
-15
NDF
3:44 Loom
13:00 Feudal Age
15:03 Man-at-Arms
22:15 Castle Age
22:03 Horse Collar
22:13 Double-Bit Axe
23:47 Crossbowman
25:20 Gold Mining
25:21 Stone Mining
27:16 Heavy Plow
27:56 Stone Shaft Mining
32:27 Bow Saw
39:24 Fletching
39:35 Padded Archer Armor
39:46 Forging
42:32 Elite Skirmisher
arepa300
1:59 Loom
10:43 Feudal Age
13:58 Double-Bit Axe
15:08 Scale Mail Armor
18:53 Arson
22:46 Castle Age
21:16 Gold Mining
21:10 Horse Collar
21:46 Padded Archer Armor
21:59 Forging
22:11 Town Watch
24:15 Squires
24:02 Gambesons
25:49 Wheelbarrow
26:51 Bow Saw
29:19 Heavy Plow
30:57 Hand Cart
31:07 Chain Mail Armor
33:00 Fletching
34:09 Murder Holes
34:35 Ballistics
35:40 Stirrups
36:25 Thumb Ring
37:10 Scale Barding Armor
38:19 Gold Shaft Mining
41:08 Imperial Age
39:42 Town Patrol
42:49 Conscription
43:19 Bagains
Connection lost

Rejoining the realm…

Still unreachable

The connection could not be restored.

Session expired

The server has moved on; the page needs a fresh start.